 Dungeon Crawl Stone Soup version 0.26-a0-1058-g8dc6ce00ff (webtiles) character file.

Game seed: 42041163808094486

63 EiAlmux the Chiller (level 3, -4/19 HPs)
             Began as a Deep Elf Ice Elementalist on Dec 13, 2020.
             Killed from afar by a white imp (9 damage)
             ... with a puff of frost
             ... on level 3 of the Dungeon.
             The game lasted 00:05:57 (2680 turns).

EiAlmux the Chiller (Deep Elf Ice Elementalist)     Turns: 2680, Time: 00:05:57

Health: -4/19      AC:  2    Str:  6    XL:     3   Next: 89%
Magic:  9/10       EV: 13    Int: 19    God:
Gold:   121        SH:  0    Dex: 15    Spells: 6/10 levels left

rFire    . . .     SeeInvis .   h - +0 dagger
rCold    . . .     Faith    .   (no shield)
rNeg     . . .     Spirit   .   a - +0 robe
rPois    .         Reflect  .   (no helmet)
rElec    .         Harm     .   (no cloak)
rCorr    .         Rampage  .   (no gloves)
Will     .....                  (no boots)
Stlth    ++........             (no amulet)
HPRegen  0.06/turn              (no ring)
MPRegen  0.12/turn              (no ring)

@: no status effects
A: no striking features
a: no special abilities


You were on level 3 of the Dungeon.
You visited 1 branch of the dungeon, and saw 3 of its levels.

You collected 121 gold pieces.

Inventory:

Hand Weapons
 e - a +0 mace
 h - a +0 dagger (weapon)
Armour
 a - a +0 robe (worn)
Jewellery
 l - an uncursed amulet of faith
Scrolls
 c - a scroll of enchant armour {unknown}
 d - 2 scrolls of teleportation
 i - 3 scrolls of remove curse
Potions
 b - a potion of cancellation
 f - 3 potions of degeneration
 g - a potion of attraction
 j - a potion of brilliance
 k - a potion of haste
 m - a potion of heal wounds {unknown}
 n - a potion of lignification {unknown}


   Skills:
 - Level 2.4 Dodging
 + Level 3.6 Stealth
 + Level 4.1 Spellcasting
 * Level 5.1 Ice Magic


You had 6 spell levels left.
You knew the following spells:

 Your Spells              Type           Power        Failure   Level
a - Freeze                Ice            ###.         1%          1
b - Frozen Ramparts       Ice            ###...       4%          3

Your spell library contained the following spells:

 Spells                   Type           Power        Failure   Level
 Ozocubu's Armour         Ice            ###.....     4%          3
 Hailstorm                Conj/Ice       ##......     43%         4
 Summon Ice Beast         Ice/Summ       ##......     43%         4


Dungeon Overview and Level Annotations

Branches:
Dungeon (3/15)

Altars:
Makhleb


Message History

The white imp hits you. The white imp freezes you.
* * * LOW HITPOINT WARNING * * *
You are too injured to fight recklessly!
Casting: Freeze (safe; 1% risk of failure)
Confirm with . or Enter, or press ? or * to list all spells.
Aiming: Freeze (safe; 1% risk of failure)
Press: ? - help, Shift-Dir - straight line, f - white imp
Aim: a white imp (heavily wounded)
The white imp resists.
You freeze the white imp.
The white imp is severely wounded.
The white imp barely misses you.
Press: ? - help, v - describe, . - travel
Here: a white imp (severely wounded)
The floor.
You are too injured to fight recklessly!
You barely miss the white imp.
The white imp is severely wounded.
The white imp gestures at you. The puff of frost hits you!
You die...

# # ## ###########
##. #.@.......#
###.. #5#####...###
#.... #.
#.......###.#.. #.
#.........<...# #.
#.......###.### #.
##....### #.#
#.####....#####.###
........).#........#
###########.##.....#


You could see a white imp.

Vanquished Creatures
  An adder (D:3)
  An ooze (D:2)
  3 dart slugs
  2 leopard geckos
  An orc (D:3)
  3 bats
  A giant cockroach (D:2)
  6 goblins
  5 hobgoblins
  2 jackals (D:1)
  2 quokkas
  5 kobolds
  5 rats
37 creatures vanquished.

Notes
Turn   | Place    | Note
-------+----------+-------------------------------------------
     0 | D:1      | EiAlmux the Deep Elf Ice Elementalist began the quest for
                  | the Orb.
     0 | D:1      | Reached XP level 1. HP: 10/10 MP: 6/6
   212 | D:1      | Reached XP level 2. HP: 15/15 MP: 5/8
  1155 | D:2      | Found a burning altar of Makhleb.
  1388 | D:2      | Reached XP level 3. HP: 14/19 MP: 5/10
  1392 | D:2      | Learned a level 3 spell: Frozen Ramparts
  2186 | D:3      | Reached skill level 5 in Ice Magic
  2680 | D:3      | Killed from afar by a white imp

Illustrated notes

Levels and vault maps discovered:
D:1:      scummos_arrival_simple_crosswalls, layout_loops_cross
D:2:      layout_basic, bloody_makhleb
D:3:      layout_loops_ring, portal_sewer_entry_d, kennysheep_generic_room_14

Skill      XL: |  1  2  3 |
---------------+----------+-----
Stealth        | 3 |  3.6
Spellcasting   | 4 |  4.1
Ice Magic      | 5 |  5.1
Dodging        | |  2.4

Action                   || total
-------------------------++-------
Melee: Mace              ||    25
       Dagger            ||    45
 Cast: Freeze            ||    38
       Frozen Ramparts   ||     1
  Use: Scroll            ||     7
 Stab: Sleeping          ||     8
Armor: Robe              ||    22
Dodge: Dodged            ||    70

Table legend: (Time is in decaauts)
 A = Elapsed time spent in this place.
 B = Non-inter-level travel time spent in this place.
 C = Inter-level travel time spent in this place.
 D = Time resting spent in this place.
 E = Time spent auto-exploring this place.
 F = Levels seen in this place.
 G = Mean time per level.
                   A        B        C        D        E       F      G
               +--------+--------+--------+--------+--------+-----+--------+
         Total |   2688 |   2627 |     61 |    223 |   2053 |   3 |  896.0 |
       Dungeon |   2688 |   2627 |     61 |    223 |   2053 |   3 |  896.0 |
               +--------+--------+--------+--------+--------+-----+--------+

Top non-repeatable levels by time:
     D:2: 1096 daAuts
     D:1: 1075 daAuts
     D:3: 516 daAuts
